 Dungeon Crawl Stone Soup version 0.17.1-1-g73c8601 (webtiles) character file.

343 Keomo the Covered (level 6, 0/53 HPs)
             Began as a Minotaur Fighter on Dec 27, 2015.
             Succumbed to poison (a potion of poison)
             ... on level 4 of the Dungeon.
             The game lasted 00:16:58 (3781 turns).

Keomo the Covered (Minotaur Fighter)                Turns: 3781, Time: 00:16:58

Health: 0/53       AC: 12    Str: 23    XL:     6   Next: 31%
Magic:  5/5        EV:  7    Int: 10    God:
Gold:   211        SH: 10    Dex:  9    Spells: 0 memorised, 5 levels left

rFire  . . .     SeeInvis .     a - +0 war axe
rCold  . . .     Clarity  .     q - +0 chain mail
rNeg   . . .     SustAt   .     c - +0 shield
rPois  .         Gourm    .     (helmet restricted)
rElec  .         Spirit   .     (no cloak)
rCorr  .         Warding  .     s - +0 pair of gloves
rMut   .         Stasis   .     t - +0 pair of boots
MR     .....                    (no amulet)
Stlth  ..........               (no ring)
                                (no ring)

@: brilliant, lethally poisoned (0 -> -11), not resistant to hostile
enchantments, extremely unstealthy
A: retaliatory headbutt, horns 2
a: no special abilities


You were on level 4 of the Dungeon.
You were full.

You visited 1 branch of the dungeon, and saw 4 of its levels.

You collected 211 gold pieces.

Inventory:

Hand Weapons
 a - a +0 war axe (weapon)
Armour
 b - a +0 scale mail
 c - a +0 shield (worn)
 q - a +0 chain mail (worn)
 s - a +0 pair of gloves (worn)
 t - a +0 pair of boots (worn)
Scrolls
 g - 3 scrolls of remove curse {unknown}
 h - a scroll of teleportation {unknown}
 i - 6 scrolls of identify {unknown}
 j - 2 scrolls of enchant weapon {unknown}
 m - 2 scrolls of random uselessness {unknown}
 v - a scroll of noise {unknown}
 w - 2 scrolls of amnesia {unknown}
Potions
 d - 3 potions of might
 k - a potion of curing {unknown}
 l - a potion of agility {unknown}
 o - 3 potions of haste {unknown}
 p - a potion of flight {unknown}
 r - a potion of poison
 u - a potion of lignification {unknown}
Comestibles
 e - 4 bread rations
 f - 2 royal jellies
 n - a meat ration


   Skills:
 + Level 4.6 Fighting
 + Level 3.9 Axes
 + Level 5.2 Armour
 + Level 3.1 Dodging
 + Level 0.1 Stealth
 + Level 5.1 Shields


You had 5 spell levels left.
You didn't know any spells.

Dungeon Overview and Level Annotations

Branches:
Dungeon (4/15)
 Temple: D:4-7

Altars:
Sif Muna
Vehumet


Innate Abilities, Weirdness & Mutations

You reflexively headbutt those who attack you in melee.
You have a pair of horns on your head.


Message History

It was a potion of poison.
That liquid tasted very nasty...
You are lethally poisoned!
* * * LOW HITPOINT WARNING * * *
You feel sick.
There is a lethal amount of poison in your body!
There is a lethal amount of poison in your body!
It was a potion of brilliance.
You feel clever all of a sudden.
* * * LOW HITPOINT WARNING * * *
You feel sick.
There is a lethal amount of poison in your body!
There is a lethal amount of poison in your body!
There is a lethal amount of poison in your body!
There is a lethal amount of poison in your body!
* * * LOW HITPOINT WARNING * * *
You feel sick.
* * * LOW HITPOINT WARNING * * *
You feel sick.
You die...

...........
.#.#......##....#...#
.#.#......# ........+
...#......# #.......#
.###......# #......######
..........## #..?..#..... ###
.######....###.........# ....
.......................###.....
................@..............
.......................?.......
........######.....(...†.......
........#..........#.#.........
...........###'#.###.#.........
...#.......##.....##.#.........
...#..............##.#.........
...#.####'##.........#.##......
...#............#....... ......


There were no monsters in sight!

Vanquished Creatures
  A killer bee (D:4)
  An orc wizard (D:3)
  Natasha (thrice) (D:3)
  An iguana (D:3)
  2 worker ants (D:4)
  7 adders
  2 oozes
  3 worms
  5 orcs (D:3)
  12 goblins
  11 hobgoblins
  A quokka (D:3)
  4 bats
  2 giant cockroaches (D:1)
  7 jackals
  4 kobolds
  A quokka skeleton (D:4)
  4 rats (D:1)
71 creatures vanquished.

Vanquished Creatures (others)
  A hobgoblin (D:2)
1 creature vanquished.

Grand Total: 72 creatures vanquished

Notes
Turn   | Place    | Note
--------------------------------------------------------------
     0 | D:1      | Keomo the Minotaur Fighter began the quest for the Orb.
     0 | D:1      | Reached XP level 1. HP: 19/19 MP: 0/0
   267 | D:1      | Reached XP level 2. HP: 27/27 MP: 1/1
   490 | D:1      | Reached skill level 4 in Fighting
  1177 | D:2      | Reached XP level 3. HP: 33/33 MP: 2/2
  1273 | D:2      | Reached skill level 1 in Dodging
  1326 | D:2      | Found a radiant altar of Vehumet.
  1667 | D:3      | Reached XP level 4. HP: 27/40 MP: 3/3
  2469 | D:3      | Noticed Natasha
  2475 | D:3      | Killed Natasha
  2475 | D:3      | Reached XP level 5. HP: 45/47 MP: 4/4
  2480 | D:3      | Noticed Natasha
  2490 | D:3      | Killed Natasha
  2655 | D:3      | Found a deep blue altar of Sif Muna.
  2656 | D:3      | Noticed Natasha
  2661 | D:3      | Killed Natasha
  3067 | D:3      | Reached skill level 5 in Armour
  3752 | D:4      | Reached skill level 5 in Shields
  3752 | D:4      | Reached XP level 6. HP: 48/53 MP: 5/5
  3779 | D:4      | HP: 2/53 [poison (a potion of poison)]
  3781 | D:4      | Succumbed to poison (a potion of poison)

Action                   |  1- 3 |  4- 6 || total
-------------------------+-------+-------++-------
Melee: War axe           |    91 |   116 ||   207
  Use: Potion            |       |     2 ||     2
  Eat: Bread ration      |     1 |     1 ||     2
       Meat ration       |       |     1 ||     1
